[Event "Titled Tuesday Blitz November 07 Early 2023"]
[White "Bilan, Danila"]
[Black "secrethawk1"]
[WhiteFideId "24161918"]
[WhiteElo "2511"]
[BlackElo "2383"]
[Result "1-0"]
[Round "11"]
[TimeControl "180+1"]
[Date "2023.11.07"]
[WhiteClock "0:00:34"]
[BlackClock "0:00:17"]
[Board "83"]

1. d4 Nf6 2. Nf3 d5 3. c4 c6 4. Nc3 e6 5. Bg5 Be7 6. e3 h6 7. Bh4 Nbd7 8. Bd3 dxc4 9. Bxc4 b5 10. Be2 b4 11. Na4 Bb7 12. Rc1 O-O 13. O-O Rc8 14. Nc5 Nxc5 15. dxc5 Qa5 16. Qc2 Rfd8 17. e4 g5 18. Bg3 Nh5 19. Ne5 Nxg3 20. hxg3 Kg7 21. f4 f6 22. Nd3 Ba6 23. Kh2 Rd7 24. Nf2 b3 25. Qxb3 Bxe2 26. Qxe6 Rcd8 27. Rfe1 Ba6 28. Qxc6 Rc7 29. Qe6 Bxc5 30. Ng4 Qb6 31. Qxb6 axb6 32. b4 Bd6 33. e5 fxe5 34. fxe5 Rxc1 35. Rxc1 Bxb4 36. Rc7+ Kf8 37. Nxh6 Bd3 38. e6 Be7 39. Rc3 Bg6 40. Rc7 Bd6 41. Rb7 Be7 42. Ng4 Ke8 43. Ne5 Be4 44. Rxb6 Bd6 45. Nf7 Be7 46. Nxd8 Bxd8 47. Ra6 Bd5 48. a4 g4 49. Rd6 Bc4 50. Rc6 Bb3 51. Ra6 Bc4 52. Ra7 Bb6 53. Rb7 Bc5 54. Rc7 Bd6 55. Rxc4 Ke7 56. Rxg4 Kxe6 57. Rg6+ Kd7 58. Rxd6+ Kxd6 59. Kh3 Kc5 60. Kg4 Kb4 61. Kf5 Kxa4 62. g4 Kb5 63. g5 Kc4 64. Kf6 Kd3 65. g6 Ke2 66. g4 Kf2 67. g5 Kg1 68. g7 Kh2 69. g8=Q Kg2 70. Qb3 Kg1 71. Qa2 Kh1 72. Kf5 Kg1 73. Kf4 Kh1 74. Kf3 Kg1 75. Qg2# 1-0


[Site "https://www.chess.com"]

[Event "Titled Tuesday Blitz November 07 Early 2023"]
[White "gpsji27"]
[Black "Khamdamova, Afruza"]
[BlackFideId "14210444"]
[WhiteElo "2367"]
[BlackElo "2510"]
[Result "0-1"]
[Round "11"]
[TimeControl "180+1"]
[Date "2023.11.07"]
[WhiteClock "0:01:50"]
[BlackClock "0:02:00"]
[Board "84"]

1. d4 Nf6 2. Nf3 d5 3. e3 e6 4. Bd3 Be7 5. b3 O-O 6. Bb2 b6 7. Nbd2 Bb7 8. Ne5 c5 9. f4 Nc6 10. Qf3 Nb4 11. g4 Nxd3+ 12. cxd3 cxd4 13. Bxd4 Bb4 14. Rd1 Nd7 15. O-O Nxe5 16. Bxe5 Qd7 17. Qg3 f6 18. Bb2 Bd6 19. e4 dxe4 20. dxe4 Rad8 21. Rfe1 Bb4 22. Bc1 Qd4+ 23. Kh1 Bxd2 24. Rxd2 Bxe4+ 25. Rxe4 Qxe4+ 26. Kg1 Rxd2 27. Bxd2 Qb1+ 28. Kg2 Qxa2 29. Qc3 Rd8 0-1


[Site "https://www.chess.com"]

[Event "Titled Tuesday Blitz November 07 Early 2023"]
[White "a-z30"]
[Black "Balla, Tamas-Kristof"]
[BlackFideId "1208497"]
[WhiteElo "2509"]
[BlackElo "2337"]
[Result "1-0"]
[Round "11"]
[TimeControl "180+1"]
[Date "2023.11.07"]
[WhiteClock "0:00:04"]
[BlackClock "0:00:50"]
[Board "85"]

1. d3 d5 2. Nf3 c5 3. g3 Nc6 4. Bg2 Bg4 5. O-O Nf6 6. c4 d4 7. Qa4 Qd7 8. e3 e5 9. exd4 exd4 10. Re1+ Be7 11. Bg5 O-O 12. Nbd2 h6 13. Bxf6 Bxf6 14. Qb5 a6 15. Qxc5 Rfe8 16. Rxe8+ Rxe8 17. Re1 Rd8 18. Ne4 Be7 19. Qb6 Nb4 20. Ne5 Qf5 21. Nxg4 Qxg4 22. Qxb7 Bf8 23. Bf1 Qf3 24. Be2 Qf5 25. a3 Rd7 26. Qc8 Nc2 27. Rc1 Ne3 28. fxe3 dxe3 29. c5 Qd5 30. c6 Re7 31. c7 f5 32. Qxf8+ Kxf8 33. c8=Q+ Kf7 34. Qc4 Qxc4 35. Rxc4 fxe4 36. Rxe4 Rc7 37. Rxe3 Rc1+ 38. Kf2 Rc2 39. b4 Rc3 40. a4 Rb3 41. Re4 Ra3 42. a5 Kf6 43. Ke3 Rb3 44. h4 g5 45. hxg5+ hxg5 46. g4 Rb1 47. Rc4 Ke5 48. Rc6 Rxb4 49. Rxa6 Ra4 50. Ra8 Kf6 51. a6 Kg7 52. a7 Ra5 53. Bf3 Ra4 54. Rg8+ Kxg8 55. a8=Q+ Rxa8 56. Bxa8 Kf7 57. Ke4 Ke6 58. Bd5+ Kd6 59. Bc4 Kc5 60. Kf5 Kd4 61. Kxg5 Ke5 62. Kh6 Kd4 63. g5 Ke5 64. g6 Kf6 65. Kh7 Ke5 66. g7 Kd4 67. g8=Q Kc3 68. Qd5 Kd2 69. d4 Ke3 70. Qe5+ Kf3 71. d5 Kg4 72. d6 Kh3 73. Qg7 Kh4 74. d7 Kh5 75. Be2+ Kh4 76. d8=Q+ Kh3 77. Qg4+ Kh2 78. Qdh4# 1-0


[Site "https://www.chess.com"]

[Event "Titled Tuesday Blitz November 07 Early 2023"]
[White "Souleidis, Georgios"]
[Black "Su, Dion"]
[WhiteFideId "4206827"]
[BlackFideId "2029731"]
[WhiteElo "2587"]
[BlackElo "2429"]
[Result "0-1"]
[Round "11"]
[TimeControl "180+1"]
[Date "2023.11.07"]
[WhiteClock "0:00:00"]
[BlackClock "0:00:19"]
[Board "87"]

1. e4 c5 2. Be2 d5 3. d3 Nc6 4. f4 dxe4 5. dxe4 Nf6 6. Qxd8+ Nxd8 7. Bf3 g6 8. e5 Nd7 9. Nc3 Bg7 10. Nd5 Ne6 11. Ne2 Nb6 12. Nec3 Nxd5 13. Nxd5 f6 14. exf6 exf6 15. O-O Kf7 16. c3 Bd7 17. Be3 f5 18. Rfd1 Bc6 19. Kf2 Rad8 20. Rd2 Rd7 21. Rad1 Rhd8 22. g3 Ba4 23. Re1 Bc6 24. Red1 Ba4 25. b3 Bc6 26. Rd3 Bb5 27. c4 Bc6 28. h3 Nd4 29. Bg2 Re8 30. b4 b6 31. bxc5 bxc5 32. Rb1 Ba8 33. Ra3 Nc2 34. Bxc5 Nxa3 35. Bxa3 Bd4+ 36. Kf1 Rc8 37. Bb2 Bxb2 38. Rxb2 Rxc4 39. Ne3 Rc1+ 40. Kf2 Bxg2 41. Kxg2 Rc3 42. Kf2 Rcd3 43. Ke2 Rc3 44. Nd1 Rc4 45. Ne3 Re4 46. Kf2 Rd3 47. Nf1 Re7 0-1


[Site "https://www.chess.com"]

[Event "Titled Tuesday Blitz November 07 Early 2023"]
[White "Perdomo, Carlos Andres"]
[Black "Cristi_Coca"]
[WhiteFideId "4400852"]
[WhiteElo "2587"]
[BlackElo "2426"]
[Result "0-1"]
[Round "11"]
[TimeControl "180+1"]
[Date "2023.11.07"]
[WhiteClock "0:00:50"]
[BlackClock "0:01:11"]
[Board "88"]

1. c4 Nf6 2. Nc3 g6 3. g3 Bg7 4. Bg2 O-O 5. e3 c5 6. Nge2 d6 7. O-O Nc6 8. a3 Rb8 9. d4 a6 10. Rb1 Na5 11. Qd3 b5 12. cxb5 axb5 13. b4 c4 14. Qc2 Nb3 15. Bb2 d5 16. Rfd1 Bf5 17. e4 dxe4 18. Nxe4 Nxe4 19. Bxe4 Bg4 20. d5 Bxe2 21. Qxe2 c3 22. Bxc3 Bxc3 23. Rxb3 Bf6 24. Rc1 Qd6 25. Rc5 Rfc8 26. Rxb5 Rxb5 27. Qxb5 h5 28. h4 Rc1+ 29. Kg2 Qe5 30. Qd3 Re1 31. Bf3 Qa1 32. b5 Bd4 33. b6 Rg1+ 34. Kh2 Bxf2 35. Bg2 Rh1+ 36. Bxh1 Qg1+ 37. Kh3 Qxh1# 0-1


[Site "https://www.chess.com"]

[Event "Titled Tuesday Blitz November 07 Early 2023"]
[White "Tikhonov, Viacheslav"]
[Black "Polaczek, Richard"]
[WhiteFideId "44196407"]
[BlackFideId "200026"]
[WhiteElo "2541"]
[BlackElo "2419"]
[Result "0-1"]
[Round "11"]
[TimeControl "180+1"]
[Date "2023.11.07"]
[WhiteClock "0:02:08"]
[BlackClock "0:00:24"]
[Board "89"]

1. e4 Nf6 2. Nc3 d5 3. exd5 Nxd5 4. Bc4 Nb6 5. Bb3 Nc6 6. Nf3 g6 7. O-O Bg7 8. d3 O-O 9. h3 Na5 10. Re1 h6 11. Bf4 Nxb3 12. axb3 c6 13. Be5 f6 14. Bg3 e5 15. Nd2 Nd5 16. Qf3 Nb4 17. Rac1 Nd5 18. Qe4 f5 19. Qc4 Re8 20. f4 Be6 21. Qa4 exf4 22. Nxd5 fxg3 23. Nf4 Bf7 24. Qb4 Bxb2 25. Rb1 Qd4+ 26. Qxd4 Bxd4+ 27. Kf1 Be3 0-1


[Site "https://www.chess.com"]

[Event "Titled Tuesday Blitz November 07 Early 2023"]
[White "Fernandez Siles, Luis"]
[Black "Iskusnyh, Sergei"]
[WhiteFideId "2209420"]
[BlackFideId "4120027"]
[WhiteElo "2342"]
[BlackElo "2538"]
[Result "1-0"]
[Round "11"]
[TimeControl "180+1"]
[Date "2023.11.07"]
[WhiteClock "0:00:08"]
[BlackClock "0:00:00"]
[Board "90"]

1. e4 e6 2. d4 d5 3. e5 c5 4. c3 Nc6 5. Nf3 Nge7 6. Na3 Nf5 7. Nc2 Qa5 8. dxc5 Qxc5 9. Bd3 Be7 10. O-O O-O 11. Ncd4 Ncxd4 12. cxd4 Qb6 13. Bxf5 exf5 14. b3 Be6 15. Bg5 Ba3 16. Bc1 Be7 17. Bg5 Bb4 18. a3 Bc3 19. Ra2 Rfc8 20. Be7 Qa6 21. b4 Rc4 22. Qb3 Rac8 23. h4 Bxd4 24. Bd6 Rc1 25. Rxc1 Rxc1+ 26. Kh2 Bb6 27. Rc2 Rxc2 28. Qxc2 Qc4 29. Qa4 Qc6 30. Qxc6 bxc6 31. Bc5 Bd7 32. Nd4 Bc7 33. f4 a5 34. Kg3 axb4 35. axb4 f6 36. exf6 gxf6 37. Kf3 Kf7 38. g3 Kg6 39. Ne2 Kf7 40. Nd4 Ke8 41. h5 Kd8 42. Kf2 Ke8 43. Nc2 Kf7 44. Ne3 Kg7 45. Kf3 Kh6 46. g4 1-0


[Site "https://www.chess.com"]

[Event "Titled Tuesday Blitz November 07 Early 2023"]
[White "Rietze, Clemens, Dr."]
[Black "Skaric, Djuro"]
[WhiteFideId "24620351"]
[BlackFideId "934569"]
[WhiteElo "2514"]
[BlackElo "2336"]
[Result "1-0"]
[Round "11"]
[TimeControl "180+1"]
[Date "2023.11.07"]
[WhiteClock "0:00:05"]
[BlackClock "0:00:00"]
[Board "91"]

1. d4 d6 2. c4 g6 3. e4 Bg7 4. Nc3 Nf6 5. f3 O-O 6. Be3 Nc6 7. Nge2 e5 8. d5 Ne7 9. Qd2 Ne8 10. O-O-O f5 11. Kb1 a6 12. c5 f4 13. Bf2 b5 14. h4 h6 15. Nc1 dxc5 16. Bxc5 Nd6 17. Nb3 Bd7 18. Na5 Rb8 19. Rc1 Qe8 20. Nd1 Rf6 21. Nf2 h5 22. Nd3 Nec8 23. Nb4 Bf8 24. Qf2 Nc4 25. Nbc6 N8b6 26. b3 Nxa5 27. Nxa5 Nc8 28. Ka1 Nd6 29. Bd3 Be7 30. Rc2 Bd8 31. Rhc1 Rf7 32. Qe1 Qe7 33. Bf2 g5 34. hxg5 Qxg5 35. Bf1 h4 36. Nc6 Bxc6 37. Rxc6 Ra8 38. Qa5 Nb7 39. Qc3 Nd6 40. Qa5 Nb7 41. Qd2 Qe7 42. Re6 Qd7 43. Rcc6 Nd6 44. Bc5 Be7 45. Qc2 Bf8 46. Qc3 a5 47. Kb1 a4 48. b4 Nc4 49. Bxc4 bxc4 50. Qxe5 Bg7 51. Qg5 h3 52. gxh3 Qd8 53. Rg6 Qxg5 54. Rxg5 Kh7 55. Rh5+ Kg8 56. Rg6 Re8 57. Bd4 Kf8 58. Bxg7+ Rxg7 59. Rh8+ Kf7 60. Rxg7+ Kxg7 61. Rxe8 1-0


[Site "https://www.chess.com"]

[Event "Titled Tuesday Blitz November 07 Early 2023"]
[White "Bogaudinov, Rushan"]
[Black "HeroRubiksCube"]
[WhiteFideId "4129288"]
[WhiteElo "2321"]
[BlackElo "2508"]
[Result "0-1"]
[Round "11"]
[TimeControl "180+1"]
[Date "2023.11.07"]
[WhiteClock "0:00:00"]
[BlackClock "0:00:06"]
[Board "92"]

1. d4 d5 2. Nf3 Nf6 3. e3 Bf5 4. c4 c6 5. Nc3 e6 6. Be2 Bd6 7. O-O h6 8. a3 O-O 9. b4 Nbd7 10. Bb2 Ne4 11. Nxe4 dxe4 12. Nd2 Qh4 13. g3 Qe7 14. b5 cxb5 15. cxb5 Nf6 16. Rc1 Rac8 17. Nc4 Bb8 18. a4 Rfd8 19. Ba3 Qd7 20. Qb3 Nd5 21. Nd2 Bd6 22. Bxd6 Qxd6 23. Nc4 Qe7 24. Ne5 f6 25. Nc4 Kh7 26. Nd2 Bg6 27. Kg2 Rc7 28. Rxc7 Qxc7 29. h4 Rc8 30. h5 Bf7 31. Nxe4 e5 32. Qb1 Kg8 33. Bg4 Re8 34. Rc1 Qb6 35. dxe5 Rxe5 36. Rc8+ Re8 37. a5 Qxa5 38. Rxe8+ Bxe8 39. Nd6 Nxe3+ 40. fxe3 Qd2+ 41. Kh3 Qxd6 42. Qa2+ Bf7 43. Qxa7 Qd5 44. Qa8+ Kh7 45. Qa1 f5 46. Be2 Be6 47. Kh2 b6 48. Qd4 Qa2 49. Qd3 Qb2 50. g4 Qe5+ 51. Kh3 Qf6 52. Bd1 Kh8 53. Kg3 fxg4 54. Bxg4 Qg5 55. Qe4 Bxg4 56. Qxg4 Qxe3+ 57. Kh4 Qe7+ 58. Kh3 Kg8 59. Qc4+ Kf8 60. Qc8+ Kf7 61. Qf5+ Kg8 62. Qc8+ Kh7 63. Qf5+ Kg8 64. Qc8+ Kf7 65. Qf5+ Qf6 66. Qd7+ Kg8 67. Qc8+ Kh7 68. Qc2+ g6 69. Qc7+ Qg7 70. hxg6+ Kxg6 71. Qc6+ Qf6 72. Qxb6 Qxb6 0-1


[Site "https://www.chess.com"]

[Event "Titled Tuesday Blitz November 07 Early 2023"]
[White "TheAlienParty"]
[Black "Baches Garcia, Guillermo"]
[BlackFideId "2209764"]
[WhiteElo "2290"]
[BlackElo "2485"]
[Result "1-0"]
[Round "11"]
[TimeControl "180+1"]
[Date "2023.11.07"]
[WhiteClock "0:01:37"]
[BlackClock "0:00:00"]
[Board "93"]

1. c4 e6 2. g3 d5 3. Nf3 Nf6 4. Bg2 Bd6 5. b3 dxc4 6. bxc4 e5 7. Bb2 e4 8. Nd4 O-O 9. Qc2 Re8 10. O-O Nbd7 11. Nc3 Nc5 12. Nb3 Bf5 13. Nxc5 Bxc5 14. e3 h5 15. h3 Qd7 16. Kh2 Rad8 17. Rfd1 Bd6 18. Nb5 Be5 19. Bxe5 Rxe5 20. Nd4 h4 21. Nxf5 Qxf5 22. Rf1 Rd3 23. Rab1 b6 24. Rb3 Qd7 25. Rxd3 exd3 26. Qc3 hxg3+ 27. fxg3 Rh5 28. Rf4 c5 29. Kg1 Rxh3 30. Bxh3 Qxh3 31. Qxd3 Qxg3+ 32. Kf1 Ng4 33. Qd5 1-0


[Site "https://www.chess.com"]

[Event "Titled Tuesday Blitz November 07 Early 2023"]
[White "Kostiukov, Alexandr"]
[Black "LeoWin2012"]
[WhiteFideId "14108100"]
[WhiteElo "2459"]
[BlackElo "2295"]
[Result "0-1"]
[Round "11"]
[TimeControl "180+1"]
[Date "2023.11.07"]
[WhiteClock "0:00:00"]
[BlackClock "0:00:02"]
[Board "94"]

1. g3 d5 2. Bg2 c6 3. d3 e5 4. e4 Nf6 5. Qe2 Bd6 6. Nf3 O-O 7. O-O d4 8. a4 a5 9. Na3 Re8 10. Nc4 Bc7 11. Nh4 b5 12. Nd2 Na6 13. h3 Nb4 14. Ndf3 Qe7 15. Nf5 Qc5 16. c3 dxc3 17. bxc3 Qxc3 18. Bb2 Qxd3 19. Rfe1 Bxf5 20. exf5 Qxf5 21. axb5 e4 22. Nd4 Qd5 23. Nxc6 Nxc6 24. bxc6 Qxc6 25. Rac1 Qb6 26. Bxf6 gxf6 27. Qg4+ Kh8 28. Bxe4 Ra7 29. Qf5 Kg8 30. Qxh7+ Kf8 31. Rc6 Rxe4 32. Qh8+ Ke7 33. Qxf6+ Kd7 34. Rd1+ Kc8 35. Rxb6 Bxb6 36. Qxb6 Rc7 37. Qa6+ Rb7 38. Rd7 Re1+ 39. Kg2 Rb1 40. Rxb7 Rxb7 41. Qxa5 Rc7 42. Qf5+ Rd7 43. h4 Kd8 44. h5 Rd6 45. Qxf7 Rh6 46. g4 Rd6 47. h6 Rd4 0-1


[Site "https://www.chess.com"]

[Event "Titled Tuesday Blitz November 07 Early 2023"]
[White "Skibbe, Willi"]
[Black "Manukyan, Sargis V."]
[WhiteFideId "4682190"]
[BlackFideId "13303465"]
[WhiteElo "2218"]
[BlackElo "2453"]
[Result "0-1"]
[Round "11"]
[TimeControl "180+1"]
[Date "2023.11.07"]
[WhiteClock "0:00:43"]
[BlackClock "0:01:52"]
[Board "95"]

1. e4 e6 2. d4 d5 3. e5 c5 4. c3 Nc6 5. Nf3 f6 6. Bd3 c4 7. Bc2 Qc7 8. O-O f5 9. g4 g6 10. gxf5 gxf5 11. Ng5 Nge7 12. Qh5+ Ng6 13. Nh3 Qf7 14. Bg5 Bd7 15. Bf6 Rg8 16. Kh1 Be7 17. Ng5 Qf8 18. Nxh7 Qf7 19. Ng5 Qf8 20. Bxe7 Qxe7 21. Nh7 O-O-O 22. Nf6 Rg7 23. Rg1 Rh8 24. Qg5 Nd8 25. Nxd7 Qxd7 26. Nd2 Rgh7 27. Nf3 Nh4 28. Nxh4 Rxh4 29. Rg2 Qh7 30. Qg3 f4 31. Bxh7 fxg3 32. Bc2 Rxh2+ 33. Rxh2 Rxh2+ 34. Kg1 Rxf2 35. Rc1 Nf7 36. Bg6 Ng5 37. b3 Nf3+ 0-1


[Site "https://www.chess.com"]

[Event "Titled Tuesday Blitz November 07 Early 2023"]
[White "Feliz Dotel, Dewar Bienvenido"]
[Black "Ionescu, Mihai"]
[WhiteFideId "6402801"]
[BlackFideId "1202499"]
[WhiteElo "2170"]
[BlackElo "2445"]
[Result "0-1"]
[Round "11"]
[TimeControl "180+1"]
[Date "2023.11.07"]
[WhiteClock "0:00:00"]
[BlackClock "0:00:46"]
[Board "96"]

1. d4 Nf6 2. e3 b6 3. Nf3 Bb7 4. Bd3 g6 5. b3 Bg7 6. Bb2 O-O 7. O-O d5 8. c4 e6 9. Nbd2 Nbd7 10. Re1 Ne4 11. Bxe4 dxe4 12. Ne5 Nxe5 13. dxe5 Qd3 14. Nf1 Rfd8 15. Ng3 a5 16. Qxd3 exd3 17. Red1 a4 18. Bc3 Bf8 19. f3 Ra7 20. Kf2 Be7 21. Nf1 h5 22. Nd2 Bh4+ 23. g3 Bg5 24. h4 Be7 25. f4 Rda8 26. b4 a3 27. Rab1 Rd8 28. Bd4 c5 29. bxc5 bxc5 30. Bc3 Bc6 31. Nb3 Ba4 32. Rd2 Rb7 33. e4 Rdb8 34. Ke3 Bxb3 35. axb3 Rxb3 36. Rxb3 Rxb3 37. Kxd3 Kf8 38. Ra2 Rb1 39. Rxa3 Rg1 40. Bd2 Rxg3+ 41. Be3 Bxh4 0-1


[Site "https://www.chess.com"]

[Event "Titled Tuesday Blitz November 07 Early 2023"]
[White "KorolDimitriy75"]
[Black "BardArtem"]
[WhiteElo "2341"]
[BlackElo "2755"]
[Result "0-1"]
[Round "11"]
[TimeControl "180+1"]
[Date "2023.11.07"]
[WhiteClock "0:00:00"]
[BlackClock "0:01:40"]
[Board "97"]

1. d4 d5 2. c4 e6 3. Nc3 Nf6 4. Bg5 dxc4 5. e4 c5 6. Nf3 cxd4 7. Qxd4 Qxd4 8. Nxd4 a6 9. Bxc4 b5 10. Bd3 Bb7 11. f3 Nbd7 12. Ke2 Rd8 13. Rhd1 h6 14. Be3 Bc5 15. Nb3 Bxe3 16. Kxe3 Ke7 17. a3 Rc8 18. Rac1 Rhd8 19. Be2 g5 20. g3 Rc7 21. Na5 Ba8 22. Na2 Rdc8 23. Rxc7 Rxc7 24. Nb4 Nc5 25. Rc1 Nfd7 26. Nb3 Bb7 27. Na5 Ba8 28. Nb3 Kd8 29. Nd4 Bb7 30. Nb3 Nxb3 0-1


[Site "https://www.chess.com"]

[Event "Titled Tuesday Blitz November 07 Early 2023"]
[White "Pakleza, Zbigniew"]
[Black "MIss_MIaMI"]
[WhiteFideId "1119290"]
[WhiteElo "2713"]
[BlackElo "2336"]
[Result "1-0"]
[Round "11"]
[TimeControl "180+1"]
[Date "2023.11.07"]
[WhiteClock "0:02:37"]
[BlackClock "0:00:41"]
[Board "98"]

1. g4 d5 2. Bg2 c6 3. h3 e5 4. c4 d4 5. d3 Be6 6. e3 Qc7 7. Ne2 c5 8. exd4 exd4 9. Bf4 Qb6 10. Nd2 Nc6 11. O-O h5 12. g5 Nge7 13. a3 Ng6 14. Bh2 Nh4 15. Be4 Bxh3 16. Nf4 Bxf1 17. Nd5 Qd8 18. Nc7+ Ke7 19. Qxf1 Rc8 20. Re1 Kd7 21. Qh3+ f5 22. gxf6+ Nf5 23. Bxf5# 1-0


[Site "https://www.chess.com"]

[Event "Titled Tuesday Blitz November 07 Early 2023"]
[White "Topalov, Aleksandar"]
[Black "topce"]
[WhiteFideId "925659"]
[WhiteElo "2331"]
[BlackElo "2499"]
[Result "1-0"]
[Round "11"]
[TimeControl "180+1"]
[Date "2023.11.07"]
[WhiteClock "0:00:15"]
[BlackClock "0:01:18"]
[Board "99"]

1. b3 c5 2. Bb2 d5 3. e3 Nc6 4. Bb5 a6 5. Bxc6+ bxc6 6. f4 f6 7. Nf3 Bg4 8. O-O e6 9. d3 Bd6 10. Nbd2 Qe7 11. Qe1 Nh6 12. h3 Bh5 13. Qh4 Bf7 14. e4 e5 15. fxe5 fxe5 16. Qxe7+ Kxe7 17. Nxe5 Bxe5 18. Bxe5 Rhg8 19. Bf4 Be6 20. Be3 d4 21. Bg5+ Kd7 22. Bxh6 gxh6 23. Kh2 h5 24. Rf4 Rg6 25. Raf1 Rag8 26. R1f2 Rg3 27. Nf3 a5 28. Ne5+ Kd6 29. Ng4 h4 30. Nf6 R8g6 31. Rxh4 Re3 32. Rxh7 Re1 33. Nh5 a4 34. Rg7 Rh6 35. Nf4 Rf6 36. Rg6 Rxg6 37. Nxg6 a3 38. Rf6 Ra1 39. Nf4 Ke5 40. Rxe6+ Kxf4 41. Rxc6 Rxa2 42. Rxc5 Rb2 43. Rb5 a2 44. Ra5 Rxc2 45. h4 Kg4 46. h5 Rc3 47. Rxa2 Kxh5 48. Rb2 Rxd3 49. b4 Re3 50. b5 Rxe4 51. b6 Kg4 52. b7 Re8 53. b8=Q Rxb8 54. Rxb8 Kf4 55. Rd8 Ke3 56. Kh3 d3 57. g4 Ke2 58. g5 d2 59. g6 d1=Q 60. Rxd1 Kxd1 61. g7 Ke2 62. g8=Q Kf3 63. Qc4 Ke3 64. Kg4 Kd2 65. Kf4 Ke1 66. Qa2 Kf1 67. Kf3 1-0


[Site "https://www.chess.com"]

[Event "Titled Tuesday Blitz November 07 Early 2023"]
[White "Khater, Sherif"]
[Black "Petrova, Irina"]
[WhiteFideId "2034280"]
[BlackFideId "14124122"]
[WhiteElo "2480"]
[BlackElo "2327"]
[Result "1/2-1/2"]
[Round "11"]
[TimeControl "180+1"]
[Date "2023.11.07"]
[WhiteClock "0:00:30"]
[BlackClock "0:01:34"]
[Board "100"]

1. d4 d6 2. Nf3 g6 3. g3 Bg7 4. Bg2 Nf6 5. O-O O-O 6. Nc3 Nc6 7. e4 e5 8. dxe5 Nxe5 9. Nxe5 dxe5 10. Qxd8 Rxd8 11. Bg5 Be6 12. f4 h6 13. fxe5 hxg5 14. exf6 Bf8 15. Rfd1 Bc5+ 16. Kh1 Bd4 17. Nd5 Bxb2 18. Rab1 Be5 19. Rxb7 Bxd5 20. Rxd5 Bxf6 21. Rxc7 Rab8 22. Bf3 Rdc8 23. Rxc8+ Rxc8 24. e5 Be7 25. Be4 Rd8 26. c4 Rxd5 27. cxd5 Bd8 28. Kg2 Bc7 29. e6 fxe6 30. dxe6 Kg7 31. Bd5 Kf6 32. h3 g4 33. hxg4 g5 34. Kf3 Bd6 35. a4 Bc7 36. Bc4 a5 37. Ke4 Bxg3 38. Kd5 Ke7 39. Kc6 Be1 40. Kb6 Bd2 41. Kc6 Bb4 42. Kd5 Bd2 43. Ke5 Bf4+ 44. Kf5 Bd2 45. Bd5 Bf4 46. Ba2 Bd2 47. Ke5 Bf4+ 48. Kd5 Bd2 49. Kc5 Bb4+ 50. Kb5 Bd2 51. Bc4 Bb4 52. Kb6 Bd2 53. Ka7 Bb4 54. Kb7 Bd2 55. Kc6 Bb4 56. Kd5 Bd2 57. Ke4 Bf4 58. Bb3 Bd2 59. Ba2 Bf4 60. Bc4 Bd2 61. Bd5 Bf4 62. Kd3 Bd6 63. Kc4 Bb4 1/2-1/2


[Site "https://www.chess.com"]

[Event "Titled Tuesday Blitz November 07 Early 2023"]
[White "Ardila, Oscar Humberto"]
[Black "Haitin, Ilja"]
[WhiteFideId "4404742"]
[BlackFideId "4501764"]
[WhiteElo "2326"]
[BlackElo "2446"]
[Result "1/2-1/2"]
[Round "11"]
[TimeControl "180+1"]
[Date "2023.11.07"]
[WhiteClock "0:00:07"]
[BlackClock "0:00:05"]
[Board "101"]

1. d4 d5 2. c4 dxc4 3. Nc3 e5 4. dxe5 Qxd1+ 5. Nxd1 Nc6 6. f4 f6 7. Nf3 Nb4 8. Ne3 Bc5 9. a3 Bxe3 10. axb4 Bxc1 11. Rxc1 b5 12. e3 Ne7 13. b3 a5 14. bxa5 Rxa5 15. bxc4 b4 16. Rb1 c5 17. Bd3 Ra3 18. Ke2 Bf5 19. Rhd1 Kf7 20. Bxf5 Nxf5 21. Rd7+ Ke6 22. Rd3 Rxd3 23. Kxd3 Ra8 24. Rb3 Ra2 25. g4 Ne7 26. f5+ Kd7 27. Ke4 Ra3 28. Rd3+ Kc7 29. e6 Rxd3 30. Kxd3 Kd6 31. Nd2 Kc6 32. Ke4 Nc8 33. h4 Nd6+ 34. Kd3 h5 35. gxh5 Nxf5 36. e4 Nxh4 37. Nb3 Kd6 38. e7 Kxe7 39. Nxc5 Nf3 40. Ke3 Ne5 41. Nd3 Nxc4+ 42. Kd4 Ne5 43. Nxb4 Nf3+ 44. Ke3 Ng5 45. Nd5+ Ke6 46. Kf4 Nf7 47. Nc7+ Kd7 48. Nd5 Nh6 49. Ne3 Ke6 50. Nd5 Kd6 51. Ne3 Kd7 52. e5 Ke6 53. exf6 Kxf6 54. Nd5+ Ke6 55. Nc7+ Kf6 56. Nd5+ Kf7 57. Kg5 Ng8 58. Nf4 Nf6 59. Ng6 Nh7+ 60. Kf5 Nf6 61. Ne5+ Kg8 62. Kg6 Nd5 63. Ng4 Nf4+ 64. Kg5 Ne6+ 65. Kg6 Nf8+ 66. Kf5 Nh7 67. Ne5 Nf8 68. Ng6 Nxg6 69. hxg6 Kh8 70. Ke6 Kg8 71. Ke7 Kh8 72. Kf7 1/2-1/2


[Site "https://www.chess.com"]

[Event "Titled Tuesday Blitz November 07 Early 2023"]
[White "Zampronha, Wladimir Camilo"]
[Black "LiadCuba"]
[WhiteFideId "2103087"]
[WhiteElo "2310"]
[BlackElo "2418"]
[Result "0-1"]
[Round "11"]
[TimeControl "180+1"]
[Date "2023.11.07"]
[WhiteClock "0:00:30"]
[BlackClock "0:00:21"]
[Board "102"]

1. e4 c5 2. Nf3 d6 3. d4 cxd4 4. Nxd4 Nf6 5. Nc3 a6 6. Bg5 Nbd7 7. f4 Qc7 8. Qe2 h6 9. Bxf6 Nxf6 10. O-O-O Bg4 11. Nf3 e6 12. h3 Bxf3 13. Qxf3 Be7 14. g4 O-O-O 15. Bg2 Kb8 16. Kb1 Nd7 17. Rd2 Nc5 18. Rhd1 Rc8 19. Qe2 Bf6 20. Qc4 Qb6 21. Rxd6 Qa5 22. e5 Be7 23. R6d2 b5 24. Qe2 b4 25. Ne4 Na4 26. Nd6 Rc7 27. Qe4 Ka7 28. Qd4+ Nb6 29. Nxf7 Bc5 30. Nxh8 Bxd4 31. Rxd4 Qc5 32. R4d2 Nc4 33. Rd8 Na3+ 34. bxa3 Qxc2+ 35. Ka1 Qxg2 36. R8d2 Qxh3 37. Ng6 Qc3+ 38. Kb1 bxa3 39. f5 Rb7+ 0-1


[Site "https://www.chess.com"]

[Event "Titled Tuesday Blitz November 07 Early 2023"]
[White "Novikova, Galina"]
[Black "Ovezdurdyyeva, Jemal"]
[WhiteFideId "4157095"]
[BlackFideId "14001888"]
[WhiteElo "2415"]
[BlackElo "2357"]
[Result "0-1"]
[Round "11"]
[TimeControl "180+1"]
[Date "2023.11.07"]
[WhiteClock "0:00:00"]
[BlackClock "0:00:07"]
[Board "103"]

1. e4 d6 2. d4 Nf6 3. Nc3 g6 4. f3 c6 5. Be3 Bg7 6. Qd2 h5 7. O-O-O b5 8. Kb1 b4 9. Nce2 Qa5 10. Nc1 Be6 11. h4 Nbd7 12. Nh3 Nb6 13. Ng5 Bc4 14. Nb3 Qb5 15. Qf2 a5 16. Bc1 a4 17. Nd2 Bxf1 18. Rhxf1 O-O 19. f4 Ng4 20. Qg1 c5 21. dxc5 dxc5 22. e5 c4 23. Nde4 b3 24. cxb3 axb3 25. a3 Na4 26. Qd4 Rfc8 27. Nc3 Nxc3+ 28. Qxc3 Qc6 29. Nf3 f6 30. Qd4 Kh7 31. Qd5 Qb6 32. f5 c3 33. fxg6+ Kh8 34. exf6 Nxf6 35. Qd3 c2+ 36. Ka1 cxd1=Q 37. Rxd1 Rd8 38. Qf1 Rxd1 39. Qxd1 Rd8 40. Qe1 Qc5 41. Ng5 Kg8 42. Nf7 Rc8 43. Bg5 Nd5 44. Ne5 Nb4 0-1


[Site "https://www.chess.com"]

[Event "Titled Tuesday Blitz November 07 Early 2023"]
[White "Rasmussen, Casper"]
[Black "Suspenser17"]
[WhiteFideId "1402005"]
[WhiteElo "2303"]
[BlackElo "2407"]
[Result "0-1"]
[Round "11"]
[TimeControl "180+1"]
[Date "2023.11.07"]
[WhiteClock "0:01:17"]
[BlackClock "0:01:15"]
[Board "104"]

1. c4 e5 2. g3 Nf6 3. Bg2 d5 4. cxd5 Nxd5 5. Nc3 Nb6 6. Nf3 Nc6 7. O-O Be6 8. d3 Be7 9. a3 Qd7 10. b4 f6 11. Be3 h5 12. Rc1 O-O-O 13. Ne4 Nd5 14. Bc5 b6 15. Bxe7 Ncxe7 16. d4 Bf5 17. Nc5 bxc5 18. dxc5 c6 19. b5 Bh3 20. bxc6 Nxc6 21. Qa4 Bxg2 22. Kxg2 h4 23. Rfd1 hxg3 24. fxg3 Ne3+ 25. Kf2 Nxd1+ 26. Rxd1 Qxd1 27. Qxc6+ Kb8 0-1


[Site "https://www.chess.com"]